 Dungeon Crawl Stone Soup version 0.14-a0-405-gb95792f (webtiles) character file.

143 PolkaDot the Sneak (level 3, -1/22 HPs)
             Began as a Vampire Wizard on Oct 27, 2013.
             Slain by Terence
             ... wielding a +0,+4 flail of protection
              (12 damage)
             ... on Level 2 of the Dungeon.
             The game lasted 00:10:37 (1696 turns).

PolkaDot the Sneak (Vampire Wizard)                 Turns: 1696, Time: 00:10:38

HP  -1/22        AC  3     Str  6      XL: 3   Next: 71%
MP   2/10        EV 12     Int 21      God:
Gold 87          SH  0     Dex 12      Spells:  3 memorised,  1 level left

Res.Fire  : . . .   See Invis. : +   e - +0 short sword
Res.Cold  : . . .   Warding    : .   a - +0 robe
Life Prot.: . . .   Conserve   : .   (no shield)
Res.Poison: .       Res.Corr.  : .   b - +0 wizard hat
Res.Elec. : .       Clarity    : .   (no cloak)
Sust.Abil.: + .     Spirit.Shd : .   f - +0 pair of gauntlets
Res.Mut.  : .       Stasis     : .   (no boots)
Res.Rott. : .       Flight     : .   (no amulet)
Saprovore : . . .                    d - ring of sustain abilities {unknown}
                                     k - ring of invisibility

@: regenerating quickly, very slightly contaminated, hasted, very quick,
slightly resistant to hostile enchantments, stealthy
A: fangs 3, see invisible, unbreathing
a: Evoke Invisibility


You were on level 2 of the Dungeon.
You were very full.

You visited 1 branch of the dungeon, and saw 2 of its levels.

You collected 67 gold pieces.

Inventory:

Hand weapons
 e - a +0,+0 short sword (weapon)
Armour
 a - a +0 robe (worn)
 b - a +0 wizard hat (worn)
 f - a +0 pair of gauntlets (worn)
Scrolls
 g - 2 scrolls of identify {unknown}
 i - a scroll of fear {unknown}
 j - a scroll of recharging {unknown}
 m - a scroll of amnesia {unknown}
Jewellery
 d - a ring of sustain abilities (right hand) {unknown}
 k - a ring of invisibility (left hand)
Potions
 h - 2 potions of heal wounds
Books
 c - a book of Minor Magic

   Spells                             Type                      Level
   *Magic Dart                        Conjuration                  1
   Blink                              Translocation                2
   Call Imp                           Summoning                    2
   Repel Missiles                     Charms/Air                   2
   Slow                               Hexes                        2
   *Conjure Flame                     Conjuration/Fire             3
   *Mephitic Cloud                    Conjuration/Poison/Air       3


   Skills:
 - Level 2.1 Dodging
 - Level 3.0 Stealth
 - Level 3.0 Spellcasting
 * Level 2.7 Conjurations
   Level 1.0 Summonings
   Level 0.7 Translocations


You had one spell level left.
You knew the following spells:

 Your Spells              Type           Power        Failure   Level  Hunger
a - Magic Dart            Conj           ##..         6%          1    None
d - Mephitic Cloud        Conj/Pois/Air  #.......     30%         3    ###....
s - Conjure Flame         Conj/Fire      #.......     24%         3    ###....


Dungeon Overview and Level Annotations

Branches:
Dungeon (2/27)

Altars:

Annotations:
D:2 Terence


Innate Abilities, Weirdness & Mutations

Your natural rate of healing is unusually fast.
You have razor-sharp teeth.*
You have supernaturally acute eyesight.
You can survive without breathing.*


Message History

Terence completely misses you.
You hit Terence but do no damage.
Terence is heavily wounded.
You hit Terence but do no damage.
Terence is heavily wounded.
Terence misses you.
You hit Terence but do no damage.
Terence is heavily wounded.
You hit Terence.
Terence is severely wounded.
Terence hits you with a runed flail.
Casting: Magic Dart
Confirm with . or Enter, or press ? or * to list all spells.
You don't have enough magic to cast that spell.
You hit Terence.
Terence is severely wounded.
Terence screams, "I'm going to kill you!"
Terence hits you with a runed flail!
Ouch! That really hurt!
You die...

#############.##.#####.##.##.....
...............>...........).....
#############.##.#####.##.##.....
#.##.#####.##.#######
#############.##.#........####
..............##.#.....<.<...#
################.#)%.....<...#
#### #@#...........# ...#
#@#........####
...#############..........#
..........................#
.).######################## ####


You could see Terence.

Vanquished Creatures
  An adder (D:2)
  A worm (D:1)
  A giant gecko (D:1)
  3 giant cockroaches
  6 goblins
  4 hobgoblins
  8 jackals
  6 kobolds
  5 bats
  A giant newt (D:2)
  3 rats
39 creatures vanquished.

Notes
Turn   | Place    | Note
--------------------------------------------------------------
     0 | D:1      | PolkaDot, the Vampire Wizard, began the quest for the Orb.
     0 | D:1      | Reached XP level 1. HP: 11/11 MP: 6/6
    94 | D:1      | Reached skill level 1 in Conjurations
   300 | D:1      | Reached XP level 2. HP: 10/17 MP: 4/8
   796 | D:1      | Reached XP level 3. HP: 22/22 MP: 2/10
  1093 | D:2      | Noticed Terence
  1103 | D:1      | Learned a level 3 spell: Conjure Flame
  1107 | D:1      | Learned a level 3 spell: Mephitic Cloud
  1696 | D:2      | Slain by Terence

Action                   || total
-------------------------++-------
Melee: Short sword       ||    88
 Cast: Magic Dart        ||    88
       Conjure Flame     ||     1
  Use: Potion            ||     6
 Stab: Sleeping          ||     1
